 Dungeon Crawl Stone Soup version 0.23.0-3-gf3c87f2 (webtiles) character file.

Game seed: 2161697026863891873

207048 wolfsongas the Executioner (level 18, 0/273 HPs)
             Began as a Minotaur Berserker on Feb 20, 2019.
             Was the Champion of Trog.
             Slain by a yaktaur (2 damage)
             ... on level 2 of the Vaults on Feb 21, 2019.
             The game lasted 00:58:34 (26017 turns).

wolfsongas the Executioner (Minotaur Berserker)    Turns: 26017, Time: 00:58:35

Health: 0/273      AC: 33    Str: 46      XL:     18   Next: 8%
Magic:  0/17       EV:  9    Int:  7      God:    Trog [******]
Gold:   2666       SH:  0    Dex: 15 (16) Spells: 17/17 levels left

rFire    . . .     SeeInvis .   y - +7 executioner's axe (freeze)
rCold    . . .     Gourm    .   (shield currently unavailable)
rNeg     . . .     Faith    .   E - +2 crystal plate armour
rPois    +         Spirit   +   v - +2 hat {Int+3}
rElec    .         Reflect  .   J - +1 cloak
rCorr    .         Harm     .   x - +2 pair of gloves {Str+3}
MR       +....     Clarity  +   (no boots)
Stlth    ..........             t - amulet of guardian spirit
HPRegen  0.55/turn              h - +6 ring of strength
MPRegen  0.15/turn              k - ring of Ru's Hatred {rPois Str+4 Dex+4}

@: berserking, slowed, lightly drained
A: retaliatory headbutt, hooves 2, horns 2, clarity
}: 1/15 runes: gossamer
a: Berserk, Trog's Hand, Brothers in Arms, Renounce Religion


You were on level 2 of the Vaults.
You worshipped Trog.
Trog was exalted by your worship.
You were not hungry.

You visited 6 branches of the dungeon, and saw 31 of its levels.
You visited 1 bazaar.
You also visited: Gauntlet.

You collected 2886 gold pieces.
You spent 220 gold pieces at shops.

Inventory:

Hand Weapons
 y - a +7 executioner's axe of freezing (weapon)
 z - a +4 battleaxe of electrocution
Armour
 b - the +1 pair of gloves of Poor Excuses {+Blink}
   (You took it off Nikola on level 3 of the Spider Nest)

   It lets you blink.
 v - a +2 hat of intelligence (worn)
 x - a +2 pair of gloves of strength (worn)
 E - a +2 crystal plate armour (worn)
 J - a +1 cloak (worn)
Jewellery
 h - a +6 ring of strength (left hand)
 k - the ring of Ru's Hatred (right hand) {rPois Str+4 Dex+4}
   (You found it in a Gauntlet)

   [ring of dexterity]

   It affects your strength (+4).
   It affects your dexterity (+4).
   It protects you from poison.
 q - an uncursed ring of protection from cold
 t - an amulet of guardian spirit (around neck)
Wands
 n - a wand of acid (15)
 u - a wand of iceblast (21)
 w - a wand of flame (17)
 I - a wand of paralysis (26)
Scrolls
 e - 3 scrolls of vulnerability
 f - a scroll of summoning
 l - 14 scrolls of remove curse
 m - a scroll of blinking
 r - 8 scrolls of teleportation
 A - 2 scrolls of fog
 D - 7 scrolls of identify
Potions
 a - a potion of cancellation
 d - 4 potions of haste
 g - 8 potions of heal wounds
 i - 4 potions of brilliance
 j - 3 potions of agility
 p - a potion of might
 s - 14 potions of curing
 B - 2 potions of mutation
 C - 2 potions of magic
 F - 5 potions of ambrosia
 G - 2 potions of resistance
 H - 5 potions of lignification
Comestibles
 c - 17 rations


   Skills:
 + Level 21.4(20.8) Fighting
 * Level 25.3(24.7) Axes
 + Level 14.9(14.4) Armour
 - Level 2.1(1.8) Dodging


You had 17 spell levels left.
You didn't know any spells.
Your spell library was empty.

Dungeon Overview and Level Annotations

Branches:
Dungeon (15/15)            Temple (0/1) D:7            Lair (6/6) D:9
 Shoals (0/4) Lair:2       Spider (4/4) Lair:3        Slime (0/5) Lair:6
    Orc (2/2) D:11            Elf (0/3) Orc:2        Vaults (3/5) D:13
 Depths (1/5) D:15
  Crypt: Vaults:2-3

Altars:
Dithmenos
Fedhas
Gozag
Hepliaklqana
Nemelex Xobeh
Qazlal
Trog
Uskayaw
Jiyva

Shops:
D:4 (   D:7 =   D:13 :   Orc:2 (?}[   Vaults:1 }

Annotations:
D:14 2 transporters, withersans's ghost, journeyman DEEn
D:15 3 runed translucent doors, RebellionBird's ghost, journeyman HOMo


Innate Abilities, Weirdness & Mutations

You reflexively headbutt those who attack you in melee.
You have a pair of horns on your head.
You have hoof-like feet.
You possess an exceptional clarity of mind.


Message History

Your crystal plate armour prevents you from hitting the yaktaur.
You barely miss the sphinx. You barely miss the wizard.
The sphinx mumbles some strange words.
The sphinx is healed somewhat.
The yaktaur closely misses you. You furiously retaliate!
You headbutt the yaktaur! The eidolon stares piercingly at you.
The bolt of negative energy hits you!
You feel drained.
* * * LOW HITPOINT WARNING * * *
You slice something!! You freeze something. You kick something.
Trog accepts your kill.
Trog appreciates your killing of a magic user.
Reactivating autopickup.
You feel a bit more experienced.
You slash the eidolon! You slash the yaktaur! You freeze the yaktaur.
You hit the sphinx. You freeze the sphinx. You carve the wizard like a ham!!!
You freeze the wizard.
You kill the wizard!
Trog accepts your kill.
Trog appreciates your killing of a magic user.
The yaktaur hits you.
You die...

#...##...
#... ##..
####+########
#... ###
#..........(#
#...
#...........#
#..?
#...........#
#...........#
#.......H)..#
#.....).@[c.#
#......)cW..#
###########'#
#


You could see a sphinx, an eidolon and 2 yaktaurs.

Vanquished Creatures
  Nikola (Spider:3)
  Arachne (Spider:2)
  Rupert (Lair:6)
  Kirke (D:13)
  Gastronok (Lair:1)
  Agnes (Spider:3)
  6 emperor scorpions
  4 ghost moths (Spider:4)
  An orc warlord (Orc:2)
  A ghoul (Vaults:2)
  An ironheart preserver (Vaults:2)
  5 entropy weavers
  A minotaur (Gauntlet)
  2 spark wasps
  Azrael (D:12)
  A fire dragon (Lair:6)
  Snorg (Lair:6)
  Josephine (Orc:2)
  Fannar (D:10)
  A yaktaur captain (Vaults:2)
  A rakshasa (Vaults:2)
  Harold (D:7)
  7 vault guards (D:13)
  5 hydras
  Erica (D:8)
  6 centaur warriors
  20 two-headed ogres
  4 ogre magi (Orc:2)
  A death scarab (Gauntlet)
  A queen ant (Spider:2)
  A tengu warrior (D:15)
  A deep troll earth mage (Vaults:1)
  A vampire mage (Vaults:2)
  A fire crab (Lair:5)
  A shadow wraith (Vaults:1)
  A storm dragon skeleton (D:15)
  3 unseen horrors
  2 skeletal warriors (D:15)
  A flayed ghost (D:15)
  A wizard (Vaults:2)
  A swamp dragon (Lair:6)
  2 ironbrand convokers
  An obsidian statue (Gauntlet)
  An orc knight (D:12)
  34 wolf spiders
  3 oklob plants (Lair:6)
  2 necromancers
  4 manticores
  18 orb spiders
  A frost giant zombie (D:15)
  9 cyclopes
  A deep elf mage (D:12)
  9 ugly things
  A centaur zombie (D:14)
  A guardian serpent (Lair:6)
  3 vault sentinels
  3 moths of wrath
  9 black mambas
  5 elephants (Lair:4)
  2 torpor snails
  4 centaur skeletons
  2 gargoyles
  13 spiny frogs
  A merfolk siren (Lair:2)
  10 komodo dragons
  A redback zombie (D:14)
  A spriggan skeleton (D:15)
  An efreet (D:14)
  4 yaktaurs (Vaults:2)
  9 rime drakes
  11 demonic crawlers
  A tengu conjurer (D:15)
  8 trolls
  A polar bear (Lair:2)
  48 jumping spiders
  The ghost of Smashy the Firebug, an amateur HOFE (D:5)
  10 hornets
  14 blink frogs
  A deep troll zombie (D:15)
  16 hippogriffs
  13 slime creatures
  A meliai zombie (D:12)
  A dream sheep (Lair:6)
  2 vampires
  17 wyverns
  76 redbacks
  A hog (shapeshifter) (Vaults:1)
  39 tarantellas
  7 wraiths
  4 fire elementals
  7 basilisks
  28 yaks
  6 hogs (D:13)
  4 steam dragons
  4 wargs (Orc:2)
  6 vampire mosquitoes
  A spectral spiny frog (Gauntlet)
  3 hungry ghosts
  An acid dragon (D:12)
  15 soldier ants (Spider:2)
  35 water moccasins
  2 hell hounds
  8 porcupines
  15 orc warriors
  A swamp drake (Lair:6)
  3 ice beasts
  5 sky beasts
  An elf zombie (Vaults:1)
  8 phantoms
  A hornet zombie (D:12)
  2 necrophages
  30 ogres
  2 eyes of draining
  2 boggarts (Vaults:2)
  14 centaurs
  6 wolves (Lair:3)
  13 crocodiles
  3 big kobolds
  Blork the orc (D:6)
  2 yaktaur skeletons (Vaults:1)
  8 bullfrogs
  A water moccasin zombie (D:11)
  2 wyvern skeletons
  8 scorpions
  4 killer bees
  4 electric eels
  2 howler monkeys
  14 wights
  13 crimson imps
  3 quasits (D:5)
  2 bullfrog zombies
  16 jellies
  9 orc priests
  8 hounds
  4 bullfrog skeletons
  5 iguanas
  14 orc wizards
  26 worker ants
  A killer bee zombie (D:7)
  A hound skeleton (D:7)
  3 gnolls (D:6)
  13 adders
  5 shadow imps
  19 oozes
  2 adder skeletons
  4 worms
  2 dart slugs
  6 leopard geckos
  52 orcs
  5 giant cockroaches
  6 goblins
  6 hobgoblins
  6 jackals
  6 quokkas
  6 bats
  4 frilled lizards
  A jackal skeleton (D:4)
  24 kobolds
  A leopard gecko zombie (D:6)
  6 rats
  5 fungi
  16 plants
  4 withered plants (D:15)
1097 creatures vanquished.

Vanquished Creatures (collateral kills)
  A spark wasp (Spider:4)
  A vault guard (D:13)
  An orb spider (Spider:4)
  5 wolf spiders (Spider:4)
  A demonic crawler (Spider:4)
  2 jumping spiders (Spider:4)
  2 hornets (Spider:4)
  5 redbacks (Spider:4)
  3 tarantellas (Spider:4)
21 creatures vanquished.

Vanquished Creatures (others)
  A redback (Spider:4)
  A boggart (Vaults:2)
  An orc wizard (Orc:2)
  17 fungi
  32 plants
52 creatures vanquished.

Grand Total: 1170 creatures vanquished

Notes
Turn   | Place    | Note
-------+----------+-------------------------------------------
     0 | D:1      | wolfsongas the Minotaur Berserker began the quest for the
                  | Orb.
     0 | D:1      | Reached XP level 1. HP: 19/19 MP: 0/0
   180 | D:1      | Reached XP level 2. HP: 28/28 MP: 1/1
   710 | D:1      | Reached skill level 5 in Fighting
   804 | D:2      | Found a blossoming altar of Fedhas.
   970 | D:2      | Reached XP level 3. HP: 35/36 MP: 2/2
  1000 | D:2      | Found a hide-covered altar of Uskayaw.
  1176 | D:2      | Reached ** piety under Trog
  1340 | D:3      | You fall through a shaft for 2 floors!
  1340 | D:5      | Entered Level 5 of the Dungeon
  1355 | D:5      | Reached XP level 4. HP: 28/44 MP: 3/3
  1487 | D:5      | Found a transporter.
  1601 | D:4      | Reached XP level 5. HP: 49/52 MP: 4/4
  1616 | D:4      | Found Tauxoz's Weapon Boutique.
  1670 | D:4      | Noticed a phantom
  1685 | D:4      | Killed a phantom
  1949 | D:4      | Reached XP level 6. HP: 61/61 MP: 5/5
  1968 | D:4      | Noticed a sky beast
  1984 | D:4      | Killed a sky beast
  3151 | D:5      | Noticed Smashy's ghost (amateur HOFE)
  3158 | D:5      | Reached XP level 7. HP: 66/70 MP: 6/6
  3196 | D:5      | Found a transporter.
  3245 | D:5      | Killed Smashy's ghost
  3245 | D:5      | Reached skill level 10 in Fighting
  3414 | D:5      | Reached XP level 8. HP: 82/82 MP: 7/7
  3494 | D:5      | Reached *** piety under Trog
  3584 | D:5      | Reached skill level 4 in Axes
  3596 | D:6      | Noticed Blork the orc
  3719 | D:6      | Killed Blork the orc
  3719 | D:6      | Reached skill level 5 in Axes
  3883 | D:6      | Reached skill level 6 in Axes
  3977 | D:6      | Reached XP level 9. HP: 55/91 MP: 8/8
  4076 | D:6      | Found a shadowy altar of Dithmenos.
  4086 | D:6      | Reached skill level 7 in Axes
  4253 | D:7      | Reached skill level 5 in Armour
  4261 | D:7      | Reached **** piety under Trog
  4337 | D:7      | Found a stormy altar of Qazlal.
  4378 | D:7      | Reached skill level 8 in Axes
  4475 | D:7      | Found a staircase to the Ecumenical Temple.
  4523 | D:7      | Found a sparkling altar of Nemelex Xobeh.
  4554 | D:7      | Noticed Harold
  4563 | D:7      | Killed Harold
  4563 | D:7      | Reached skill level 9 in Axes
  4758 | D:7      | Found Nutu's Jewellery Shop.
  4843 | D:8      | Reached XP level 10. HP: 101/101 MP: 9/9
  5173 | D:8      | Reached skill level 10 in Axes
  5238 | D:8      | Found a hazy altar of Hepliaklqana.
  5332 | D:8      | Noticed Erica
  5345 | D:8      | Killed Erica
  5345 | D:8      | Reached skill level 11 in Axes
  5582 | D:9      | Found a bloodstained altar of Trog.
  5623 | D:9      | Reached ***** piety under Trog
  5762 | D:9      | Found a staircase to the Lair.
  6184 | D:9      | Found an opulent altar of Gozag.
  6212 | D:9      | Reached skill level 12 in Axes
  6522 | D:10     | Entered Level 10 of the Dungeon
  6533 | D:10     | Reached XP level 11. HP: 108/110 MP: 10/10
  6744 | D:10     | Received a gift from Trog
  6985 | D:10     | Noticed a six-headed hydra
  6985 | D:10     | Noticed a centaur warrior
  6992 | D:10     | Killed a six-headed hydra
  6996 | D:10     | Killed a centaur warrior
  7405 | D:10     | Noticed Fannar
  7413 | D:10     | Killed Fannar
  7413 | D:10     | Reached skill level 13 in Axes
  7606 | D:11     | Found a staircase to the Orcish Mines.
  7857 | D:11     | Killed an unseen horror
  8017 | D:11     | Killed an unseen horror
  8017 | D:11     | Reached skill level 10 in Armour
  8026 | D:11     | Noticed a two-headed ogre
  8032 | D:11     | Killed a two-headed ogre
  8165 | D:11     | Reached skill level 14 in Axes
  8174 | D:11     | Noticed a centaur warrior
  8189 | D:11     | Killed a centaur warrior
  8192 | D:11     | Reached skill level 15 in Fighting
  8194 | D:11     | Reached XP level 12. HP: 119/119 MP: 11/11
  8371 | D:12     | Found a flickering gateway to a bazaar.
  8377 | Bazaar   | Entered a bazaar
  8377 | Bazaar   | Found Quujoen's Book Boutique.
  8377 | Bazaar   | Found Azea's Jewellery Boutique.
  8391 | Bazaar   | Found Owaipnob's Distillery.
  8430 | Bazaar   | Found Nufurhur's Assorted Antiques.
  9057 | D:12     | Noticed Azrael
  9060 | D:12     | Reached skill level 15 in Axes
  9072 | D:12     | Killed Azrael
  9101 | D:12     | Received a gift from Trog
  9463 | D:13     | Noticed a vault guard
  9463 | D:13     | Noticed a vault guard
  9463 | D:13     | Noticed a vault guard
  9464 | D:13     | Found a gate to the Vaults.
  9464 | D:13     | Noticed a vault guard
  9464 | D:13     | Noticed a vault guard
  9464 | D:13     | Noticed a vault guard
  9464 | D:13     | Noticed a vault guard
  9464 | D:13     | Noticed a vault guard
  9479 | D:13     | Killed a vault guard
  9487 | D:13     | Killed a vault guard
  9503 | D:13     | Killed a vault guard
  9507 | D:13     | Killed a vault guard
  9518 | D:13     | Killed a vault guard
  9521 | D:13     | Killed a vault guard
  9521 | D:13     | Reached skill level 16 in Axes
  9523 | D:13     | Killed a vault guard
  9525 | D:13     | Killed a vault guard
  9569 | D:13     | Noticed Kirke
  9588 | D:13     | Killed Kirke
  9588 | D:13     | Reached XP level 13. HP: 96/128 MP: 4/12
  9685 | D:13     | Found Jotoxus's Book Shoppe.
  9686 | D:13     | Found a gate leading to a gauntlet.
  9700 | Gauntlet | Entered a Gauntlet
  9700 | Gauntlet | Found a transporter.
  9713 | Gauntlet | Found a transporter.
  9725 | Gauntlet | Found a transporter.
  9727 | Gauntlet | Found a transporter.
  9728 | Gauntlet | Found a transporter.
  9762 | Gauntlet | Found a transporter.
  9774 | Gauntlet | Found a transporter.
  9814 | Gauntlet | Found a transporter.
  9817 | Gauntlet | Found a transporter.
  9828 | Gauntlet | Got a steaming brass ring
  9839 | Gauntlet | Identified the ring of Ru's Hatred {rPois Str+4 Dex+4} (You
                  | found it in a Gauntlet)
  9869 | Gauntlet | Found a transporter.
  9884 | Gauntlet | Got a fine pewter amulet
  9933 | Gauntlet | Found a transporter.
  9934 | Gauntlet | Found the ring of Shadows {Umbra +Inv Stlth+}
  9938 | Gauntlet | Noticed a minotaur
  9945 | Gauntlet | Killed a minotaur
  9975 | Gauntlet | Identified the Catalogue of Aid and Execration
 10036 | D:13     | Identified the amulet "Oczoerip" {RegenMP +Fly} (You found
                  | it in a Gauntlet)
 10295 | D:13     | Reached skill level 17 in Axes
 10946 | Lair:1   | Entered Level 1 of the Lair of Beasts
 11042 | Lair:1   | You fall through a shaft!
 11126 | Lair:1   | Gained mutation: You have large cloven feet. [potion of
                  | mutation]
 11126 | Lair:1   | Gained mutation: You have hoof-like feet. [potion of
                  | mutation]
 11126 | Lair:1   | Gained mutation: You possess an exceptional clarity of
                  | mind. [potion of mutation]
 11194 | Lair:1   | Noticed Gastronok
 11201 | Lair:1   | Killed Gastronok
 11854 | Lair:2   | Found the +8 whip "Snakebite" {curare, rPois}
 12030 | Lair:2   | You fall through a shaft!
 12236 | Lair:2   | Found a staircase to the Shoals.
 12915 | Lair:3   | Reached skill level 18 in Axes
 13031 | Lair:3   | Found a hole to the Spider Nest.
 13036 | Lair:3   | Reached XP level 14. HP: 108/138 MP: 4/13
 13085 | Lair:3   | You fall through a shaft for 3 floors!
 13085 | Lair:6   | Entered Level 6 of the Lair of Beasts
 13086 | Lair:6   | Noticed Snorg
 13094 | Lair:6   | Killed Snorg
 13109 | Lair:5   | You fall through a shaft!
 15130 | Lair:5   | Reached skill level 19 in Axes
 15874 | Lair:6   | Noticed Rupert
 15880 | Lair:6   | Killed Rupert
 15959 | Lair:6   | Found a staircase to the Slime Pits.
 15960 | Lair:6   | Found a viscous altar of Jiyva.
 16208 | Lair:6   | Received a gift from Trog
 16562 | Lair:6   | Reached XP level 15. HP: 141/149 MP: 14/14
 16649 | Lair:6   | Reached skill level 20 in Axes
 17501 | Orc:1    | Entered Level 1 of the Orcish Mines
 17838 | Orc:2    | Entered Level 2 of the Orcish Mines
 17850 | Orc:2    | Found a staircase to the Elven Halls.
 17891 | Orc:2    | Received a gift from Trog
 17943 | Orc:2    | Reached skill level 21 in Axes
 17946 | Orc:2    | Found Nowiz's Gadget Shoppe.
 17946 | Orc:2    | Found Udekleh's Antique Armour Boutique.
 17949 | Orc:2    | Found Niamm's Magic Scroll Shoppe.
 17949 | Orc:2    | Found Nockag's Weapon Shop.
 18061 | Orc:2    | Bought a scroll of enchant armour for 97 gold pieces
 18061 | Orc:2    | Bought a scroll of identify for 26 gold pieces
 18061 | Orc:2    | Bought a scroll of enchant weapon for 97 gold pieces
 18130 | Orc:2    | Noticed an orc warlord
 18135 | Orc:2    | Noticed Josephine
 18138 | Orc:2    | Killed an orc warlord
 18143 | Orc:2    | Killed Josephine
 18737 | D:14     | Received a gift from Trog
 18740 | D:14     | Got a pitted broad axe {god gift}
 18744 | D:14     | Identified the +3 broad axe "Cepteuch" {chop, rElec rC+
                  | rN+} (Trog gifted it to you on level 14 of the Dungeon)
 18982 | D:14     | Reached ****** piety under Trog
 19024 | D:14     | Found a transporter.
 19030 | D:14     | Found a bloodstained altar of Trog.
 19039 | D:14     | Noticed withersans's ghost (journeyman DEEn)
 19041 | D:14     | Identified the cursed +1 morningstar of Collusion {speed,
                  | rPois}
 19042 | D:14     | Found a transporter.
 19403 | D:15     | Entered Level 15 of the Dungeon
 19516 | D:15     | Found a staircase to the Depths.
 19520 | D:15     | Reached XP level 16. HP: 150/160 MP: 13/15
 19548 | D:15     | Reached skill level 22 in Axes
 19789 | D:15     | Found a runed translucent gate.
 19789 | D:15     | Found a runed translucent gate.
 19790 | D:15     | Found a runed translucent gate.
 19792 | D:15     | Noticed RebellionBird's ghost (journeyman HOMo)
 20329 | Spider:1 | Entered Level 1 of the Spider Nest
 20386 | Spider:1 | Received a gift from Trog
 21652 | Spider:2 | Reached skill level 23 in Axes
 21689 | Spider:2 | Received a gift from Trog
 22027 | Spider:2 | Noticed Arachne
 22041 | Spider:2 | Killed Arachne
 22566 | Spider:3 | Reached XP level 17. HP: 170/170 MP: 16/16
 22858 | Spider:3 | Identified the +1 pair of gloves of Poor Excuses {+Blink}
 22858 | Spider:3 | Noticed Nikola
 22872 | Spider:3 | Killed Nikola
 23044 | Spider:3 | Reached skill level 24 in Axes
 23051 | Spider:3 | Noticed Agnes
 23055 | Spider:3 | Killed Agnes
 23587 | Spider:4 | Entered Level 4 of the Spider Nest
 23622 | Spider:4 | Received a gift from Trog
 23972 | Spider:4 | Received a gift from Trog
 24162 | Spider:4 | Got a gossamer rune of Zot
 24430 | Spider:4 | Reached skill level 25 in Axes
 25165 | Vaults:1 | Entered Level 1 of the Vaults
 25261 | Depths:1 | Entered Level 1 of the Depths
 25263 | Depths:1 | Noticed a lich
 25736 | Vaults:1 | Found Kyedyopi's Gadget Shoppe.
 25741 | Vaults:1 | You fall through a shaft!
 25920 | Vaults:2 | Received a gift from Trog
 25922 | Vaults:2 | Reached XP level 18. HP: 182/182 MP: 17/17
 26010 | Vaults:2 | Paralysed by a sphinx for 6 turns
 26015 | Vaults:2 | HP: 12/273 [eidolon (6)]
 26016 | Vaults:2 | HP: 2/273 [eidolon/bolt of negative energy (10)]
 26017 | Vaults:2 | Slain by a yaktaur

Skill      XL: |  1  2  3  4  5  6  7  8  9 10 11 12 13 14 15 16 17 |
---------------+----------------------------------------------------+-----
Fighting       | 4 5 6 7 8 9 11 12 13 14 15 16 17 19 20 21 | 21.4
Axes           | 6 9 12 14 16 18 19 21 23 25 | 25.3
Armour         | 4 6 8 10 12 13 14 | 14.9
Dodging        | |  2.1

Action                   |  1- 3 |  4- 6 |  7- 9 | 10-12 | 13-15 | 16-18 || total
-------------------------+-------+-------+-------+-------+-------+-------++-------
Melee: Hand axe          |    56 |    73 |   193 |   382 |       |       ||   704
       Headbutt          |    10 |    13 |    54 |   137 |   183 |   125 ||   522
       Unarmed           |       |       |     1 |       |       |       ||     1
       Battleaxe         |       |       |       |    73 |   468 |       ||   541
       Kick              |       |       |       |       |   236 |   207 ||   443
       Executioner's axe |       |       |       |       |   252 |   546 ||   798
Invok: Berserk           |       |     2 |     8 |    11 |    15 |     9 ||    45
       Trog's Hand       |       |     2 |       |     6 |     6 |     3 ||    17
       Brothers in Arms  |       |       |       |     2 |       |     3 ||     5
Evoke: Wand              |       |       |       |     6 |     7 |       ||    13
  Use: Scroll            |     5 |     2 |    10 |     7 |    21 |     6 ||    51
       Potion            |     3 |     4 |     1 |     2 |     4 |     1 ||    15
 Stab: Sleeping          |     1 |       |       |       |       |       ||     1
       Distracted        |       |       |       |     1 |       |       ||     1
  Eat: Chunk             |     1 |     3 |       |     4 |     3 |       ||    11
       Ration            |       |     2 |     4 |     7 |    15 |     9 ||    37
Armor: Animal skin       |    10 |    10 |       |       |       |       ||    20
       Chain mail        |       |     5 |    48 |       |       |       ||    53
       Plate armour      |       |       |    74 |   235 |    20 |       ||   329
       Skin              |       |       |     1 |       |       |       ||     1
       Crystal plate arm |       |       |       |       |   615 |   596 ||  1211
Dodge: Dodged            |    36 |    38 |    91 |   144 |   305 |   271 ||   885
